 Dungeon Crawl Stone Soup version 0.15.1-2-g8fbdab7 (webtiles) character file.

1664 Johnny the Chiller (level 8, -2/66 HPs)
             Began as a Demigod Ice Elementalist on Oct 1, 2014.
             Slain by a hippogriff (3 damage)
             ... on Level 7 of the Dungeon.
             The game lasted 00:19:12 (7420 turns).

Johnny the Chiller (Demigod Ice Elementalist)       Turns: 7420, Time: 00:19:13

HP  -2/66        AC  6     Str 13      XL: 8   Next: 41%
MP  15/21        EV 10     Int 21      God:
Gold 359         SH  0     Dex 18      Spells:  2 memorised, 10 levels left

rFire  + . .     SeeInvis .     r - +1 short sword (venom) (curse)
rCold  . . .     Clarity  .     h - +0 ring mail
rNeg   + . .     rCorr    .     (no shield)
rPois  .         rRot     .     Q - +0 helmet
rElec  .         Spirit   .     (no cloak)
SustAb .         Warding  +     (no gloves)
rMut   .         Stasis   .     (no boots)
Gourm  .                        e - amulet of warding
MR     .....                    (no ring)
                                N - ring of protection from fire

@: lethally poisoned, very slightly contaminated, drained, not resistant to
hostile enchantments, unstealthy
A: no striking features
a: no special abilities


You were on level 7 of the Dungeon.
You were near starving.

You visited 1 branch of the dungeon, and saw 7 of its levels.

You collected 359 gold pieces.

Inventory:

Hand weapons
 c - a +0 war axe
 g - a +0 club
 r - a cursed +1 short sword of venom (weapon)
 P - a cursed -2 dagger
Armour
 h - a +0 ring mail (worn)
 Q - a +0 helmet (worn)
Magical devices
 m - a wand of slowing (11)
 s - a wand of slowing (9)
 w - a wand of fireball (0)
 y - a wand of flame (21)
 J - a wand of lightning (5)
Comestibles
 p - 5 bread rations
 C - a slice of pizza
 G - a rotting chunk of giant cockroach flesh
 R - a rotting chunk of orc flesh
Scrolls
 a - 5 scrolls of remove curse
 d - a scroll of recharging
 i - 2 scrolls of amnesia
 t - 2 scrolls of magic mapping
 u - 3 scrolls of random uselessness
 v - 2 scrolls of immolation
 x - 3 scrolls of teleportation
 A - a scroll of noise {unknown}
 F - 2 scrolls of enchant armour {unknown}
 H - a scroll of vulnerability {unknown}
 K - 2 scrolls of enchant weapon {unknown}
Jewellery
 e - an amulet of warding (around neck)
 N - a ring of protection from fire (left hand)
Potions
 j - 2 potions of cancellation
 k - 2 potions of restore abilities
 l - a potion of agility {unknown}
 n - a potion of magic {unknown}
 q - a potion of poison
 z - a potion of cure mutation
 B - a potion of lignification {unknown}
 D - a potion of might {unknown}
 E - a potion of confusion {unknown}
 I - a potion of flight {unknown}
 L - a potion of curing {unknown}
 O - a potion of mutation {unknown}
Books
 b - a book of Frost

   Spells                             Type                      Level
   *Freeze                            Ice                          1
   Throw Frost                        Conjuration/Ice              2
   Ozocubu's Armour                   Charms/Ice                   3
   Throw Icicle                       Conjuration/Ice              4
   *Summon Ice Beast                  Ice/Summoning                4
   Condensation Shield                Ice                          4
 f - a book of Summonings

   Spells                             Type                      Level
   Abjuration                         Summoning                    3
   Recall                             Summoning/Translocation      3
   Shadow Creatures                   Summoning                    5
   Summon Demon                       Summoning                    5
   Summon Forest                      Summoning/Translocation      5
   Monstrous Menagerie                Summoning                    6


   Skills:
 * Level 4.1(3.8) Fighting
 + Level 2.1(1.8) Armour
 * Level 4.4(4.0) Dodging
 + Level 3.4(3.1) Stealth
 * Level 4.1(3.8) Spellcasting
   Level 0.8(0.5) Conjurations
 * Level 2.8(2.5) Summonings
 + Level 4.8(4.4) Ice Magic
 + Level 2.7(2.3) Evocations


You had 10 spell levels left.
You knew the following spells:

 Your Spells              Type           Power        Failure   Level  Hunger
a - Freeze                Ice            ###.         3%          1    None
b - Summon Ice Beast      Ice/Summ       ###.....     47%         4    ####...


Dungeon Overview and Level Annotations

Branches:
Dungeon (7/15)             Temple (0/1) D:6


Message History

The bolt of lightning misses the orc warrior.
The hippogriff bites you but does no damage.
The hippogriff pecks you.
* * * LOW HITPOINT WARNING * * *
The hippogriff closely misses you.
Evoke which item? (* to show all) (? for menu, Esc to quit)
Okay, then.
Drink which item? (? for menu, Esc to quit)
That liquid tasted very nasty...
You are lethally poisoned!
It was a potion of poison.
* * * LOW HITPOINT WARNING * * *
You feel sick. The hippogriff misses you. The hippogriff pecks you.
* * * LOW HITPOINT WARNING * * *
The hippogriff claws you but does no damage.
Drink which item? (? for menu, Esc to quit)
It has a very clean taste.
It was a potion of cure mutation.
* * * LOW HITPOINT WARNING * * *
You feel sick. The hippogriff barely misses you. The hippogriff pecks you.
You die...

...#######......#### ###
.......%..................
...###..#.....#.. ####
#...##.....# ##### ##....##
#..#### .##..... # ..... #Y...#
#.#.....# . ..... #o##..#
#.#.....# # ...... #H#
#.####.#...... #####..... #@#
............# .......#
##.#####..#........ ##...#.#
#.........#.#...... ##...#.#
###.........#.##...## ##...#.#
##.................... ##...#.#
#..#.................. #.....#
#.##........#.##...... ##...#.#
#.##..........###...<.
##...#.#####.##.........#####....


You could see a hippogriff, an orc warrior and an ice beast.

Vanquished Creatures
  A hungry ghost (D:7)
  3 sky beasts
  A phantom (D:6)
  An ogre (D:4)
  A centaur (D:5)
  2 crimson imps
  2 hounds
  A centaur skeleton (D:5)
  A giant frog skeleton (D:4)
  3 orc priests (D:7)
  2 orc wizards
  2 iguanas (D:5)
  2 worker ants
  Jessica (D:3)
  4 adders
  5 gnolls
  An orc skeleton (D:6)
  A worm (D:2)
  7 giant geckos
  An ooze (D:2)
  7 orcs
  7 ball pythons
  11 bats
  4 giant cockroaches
  10 hobgoblins
  A quokka (D:2)
  10 giant newts
  A giant spore (D:6)
  6 goblins
  11 kobolds
  8 rats
  A rat skeleton (D:4)
  A ballistomycete (D:6)
120 creatures vanquished.

Vanquished Creatures (collateral kills)
  A wyvern (D:7)
  A centaur (D:7)
  A giant frog (D:7)
  A hippogriff skeleton (D:7)
  2 goliath beetles
  2 crimson imps
  3 jellies
  A gnoll shaman (D:6)
  An orc priest (D:6)
  2 worker ants (D:7)
  A mummy (D:7)
  4 gnolls (D:6)
  An iguana skeleton (D:7)
  3 orcs
  A giant cockroach (D:7)
  2 jackals (D:7)
  A sheep (D:6)
  2 bats (D:7)
  A kobold (D:7)
31 creatures vanquished.

Vanquished Creatures (others)
  9 ice beasts
9 creatures vanquished.

Grand Total: 160 creatures vanquished

Notes
Turn   | Place    | Note
--------------------------------------------------------------
     0 | D:1      | Johnny, the Demigod Ice Elementalist, began the quest for the Orb.
     0 | D:1      | Reached XP level 1. HP: 14/14 MP: 3/3
   692 | D:1      | Reached XP level 2. HP: 22/22 MP: 4/4
  1060 | D:2      | Reached skill level 3 in Ice Magic
  1229 | D:2      | Reached skill level 1 in Fighting
  1229 | D:2      | Reached XP level 3. HP: 8/28 MP: 0/8
  2102 | D:3      | Found a stormy altar of Qazlal.
  2138 | D:3      | Noticed a sky beast
  2148 | D:3      | HP: 1/28 [sky beast (5)]
  2152 | D:3      | Killed a sky beast
  2152 | D:3      | Reached skill level 1 in Armour
  2152 | D:3      | Reached XP level 4. HP: 2/36 MP: 0/11
  2152 | D:3      | Reached XP level 5. HP: 2/41 MP: 0/12
  2418 | D:3      | Noticed Jessica
  2421 | D:3      | Killed Jessica
  2601 | D:4      | Noticed an ogre
  2606 | D:4      | Reached skill level 1 in Evocations
  2616 | D:4      | Killed an ogre
  2807 | D:4      | Reached XP level 6. HP: 38/49 MP: 15/15
  3134 | D:5      | Entered Level 5 of the Dungeon
  3145 | D:5      | Found an ancient bone altar of Kikubaaqudgha.
  3214 | D:5      | Learned a level 4 spell: Summon Ice Beast
  3392 | D:5      | Reached skill level 4 in Ice Magic
  3443 | D:5      | Reached skill level 1 in Summonings
  3454 | D:5      | Reached XP level 7. HP: 38/56 MP: 13/18
  4329 | D:6      | Found a shimmering altar of Xom.
  4560 | D:6      | Found a shadowy altar of Dithmenos.
  5127 | D:7      | Found a shadowy altar of Dithmenos.
  5282 | D:7      | Noticed a wyvern
  5469 | D:6      | Reached XP level 8. HP: 24/63 MP: 1/20
  5626 | D:6      | Found a staircase to the Ecumenical Temple.
  6802 | D:7      | Killed a wyvern
  7419 | D:7      | HP: 2/66 [hippogriff (3)]
  7420 | D:7      | Slain by a hippogriff

Action                   |  1- 3 |  4- 6 |  7- 9 || total
-------------------------+-------+-------+-------++-------
Melee: Unarmed           |    24 |       |       ||    24
       Club              |    67 |       |       ||    67
       War axe           |    55 |    78 |   156 ||   289
       Short sword       |       |       |    54 ||    54
 Cast: Freeze            |    47 |    33 |    16 ||    96
       Summon Ice Beast  |       |       |    45 ||    45
Evoke: Wand              |     1 |     5 |     7 ||    13
  Use: Scroll            |       |     8 |     7 ||    15
       Potion            |       |     2 |     4 ||     6
 Stab: Sleeping          |     2 |       |       ||     2
       Distracted        |       |       |     1 ||     1
  Eat: Bread ration      |     1 |       |       ||     1
       Chunk             |       |     3 |    13 ||    16
       Meat ration       |       |       |     3 ||     3
       Pizza             |       |       |     1 ||     1
       Beef jerky        |       |       |     1 ||     1
